 Dungeon Crawl Stone Soup version 0.23-a0-844-gdc03e01 (webtiles) character file.

1319 tilp the Frost Mage (level 8, -2/62 (64) HPs)
             Began as a Merfolk Ice Elementalist on Jan 26, 2019.
             Was an Initiate of Makhleb.
             Slain by Grinder (3 damage)
             ... while paralysed by Grinder
             ... on level 5 of the Dungeon.
             The game lasted 00:14:24 (6204 turns).

tilp the Frost Mage (Merfolk Ice Elementalist)      Turns: 6204, Time: 00:14:25

HP:   -2/62 (64)    AC:  4    Str:  8    XL:     8   Next: 59%
MP:   1/11          EV:  2    Int: 17    God:    Makhleb [......]
Gold: 270           SH:  0    Dex: 14    Spells: 5/11 levels left

rFire    . . .     SeeInvis .   A - +0 trident
rCold    . . .     Gourm    .   (no shield)
rNeg     . . .     Faith    .   s - +0 leather armour
rPois    .         Spirit   .   (no helmet)
rElec    .         Reflect  .   (no cloak)
rCorr    .         Harm     .   j - +0 pair of gloves
MR       .....                  (no boots)
Stlth    ++........             y - amulet of the acrobat
HPRegen  0.20/turn              (no ring)
MPRegen  0.12/turn              (no ring)

@: paralysed
A: change form in water, swift swim, stealthy swim
a: Renounce Religion


You were on level 5 of the Dungeon.
You worshipped Makhleb.
Makhleb was noncommittal.
You were hungry.

You visited 2 branches of the dungeon, and saw 7 of its levels.

You collected 270 gold pieces.

Inventory:

Hand Weapons
 a - a +0 short sword
 A - a +0 trident (weapon)
 B - a +0 halberd
Missiles
 h - 242 stones (quivered)
 l - 23 sling bullets
Armour
 j - a +0 pair of gloves (worn)
 s - a +0 leather armour (worn)
Jewellery
 y - an amulet of the acrobat (around neck)
Wands
 d - a wand of flame (22)
 q - a wand of disintegration (8)
Scrolls
 b - a scroll of fear {unknown}
 f - 2 scrolls of remove curse
 k - 2 scrolls of teleportation
 n - 2 scrolls of amnesia
 o - a scroll of immolation {unknown}
 p - a scroll of magic mapping {unknown}
 r - a scroll of random uselessness {unknown}
 w - a scroll of enchant weapon {unknown}
 x - a scroll of fog {unknown}
 C - a scroll of enchant armour {unknown}
Potions
 e - 2 potions of haste
 i - 4 potions of curing
 m - 3 potions of brilliance
 t - 2 potions of flight
 u - a potion of resistance
 v - a potion of heal wounds
 z - 2 potions of berserk rage
 D - a potion of mutation
Comestibles
 c - 11 rations


   Skills:
 - Level 6.2 Fighting
 + Level 2.4 Polearms
 - Level 6.5 Dodging
 - Level 2.1 Stealth
 - Level 2.0 Spellcasting
 - Level 0.7 Conjurations
 - Level 8.0 Ice Magic


You had 5 spell levels left.
You knew the following spells:

 Your Spells              Type           Power        Failure   Level  Hunger
a - Freeze                Ice            ####         1%          1    #......
b - Throw Frost           Conj/Ice       ###...       7%          2    ###....
c - Ozocubu's Armour      Chrm/Ice       ###.....     16%         3    ###....

Your spell library contained the following spells:

 Spells                   Type           Power        Failure   Level  Hunger
 Throw Icicle             Conj/Ice       ###.....     43%         4    #####..
 Summon Ice Beast         Ice/Summ       ###.....     47%         4    #####..


Dungeon Overview and Level Annotations

Branches:
Dungeon (6/15)             Temple (1/1) D:5

Altars:
Ashenzari
Elyvilon
Fedhas
Kikubaaqudgha
Makhleb
Okawaru
Qazlal
Ru
Vehumet
Wu Jian
Xom
The Shining One

Annotations:
D:4 exclusion: worker ant, Blork the orc
D:5 Grinder


Message History

Aim: Grinder (lightly wounded)
You freeze Grinder.
Grinder completely resists.
Grinder barely misses you.
Casting: Freeze (safe; 1% risk of failure)
Confirm with . or Enter, or press ? or * to list all spells.
You don't have enough magic to cast that spell.
Unknown command.
Grinder says, "Wait up."
Grinder hits you!
You writhe in agony.
* * * LOW HITPOINT WARNING * * *
All of the chunks of flesh in your inventory have rotted away.
Grinder gestures at you.
You suddenly lose the ability to move!
Grinder hits you.
* * * LOW HITPOINT WARNING * * *
You writhe in agony.
* * * LOW HITPOINT WARNING * * *
Grinder hits you.
* * * LOW HITPOINT WARNING * * *
You writhe in agony.
You die...

#...##.................######
#...##.......................
#...##........#.......##.####
#...######..###.......##.#
#...# ####.......[.#####.####
#...###......#####)# #.##..
#............#####.### #.#...
#...###..............###.....
#.....######@..###...........
######.##.>.5.#.###...........
#........................#....
#............#.#.........#....
#.............................
#............#.##.............
#............#..#........#....
#................#............
#########............##.##....


You could see Grinder.

Vanquished Creatures
  Prince Ribbit (D:5)
  A black bear (D:6)
  A necrophage (D:6)
  2 centaurs (D:5)
  A bullfrog (D:5)
  A scorpion (D:4)
  A crimson imp (D:5)
  A quasit (D:5)
  A bullfrog zombie (D:5)
  4 orc priests
  A gnoll shaman (D:6)
  2 orc wizards (D:4)
  An iguana (D:5)
  4 worker ants
  Natasha (thrice) (D:3)
  3 gnolls (D:6)
  5 adders
  An ooze (D:1)
  2 adder skeletons
  A worm (D:5)
  3 leopard geckos
  11 orcs
  3 ball pythons
  9 bats
  6 giant cockroaches
  9 goblins
  3 hobgoblins
  8 jackals
  A quokka (D:4)
  3 frilled lizards
  A jackal skeleton (D:4)
  8 kobolds
  4 rats
106 creatures vanquished.

Notes
Turn   | Place    | Note
-------+----------+-------------------------------------------
     0 | D:1      | tilp the Merfolk Ice Elementalist began the quest for the
                  | Orb.
     0 | D:1      | Reached XP level 1. HP: 13/13 MP: 3/3
   194 | D:1      | Reached XP level 2. HP: 14/19 MP: 1/5
   259 | D:1      | Reached skill level 4 in Ice Magic
   667 | D:1      | Reached XP level 3. HP: 21/24 MP: 2/6
   671 | D:1      | Learned a level 2 spell: Throw Frost
   675 | D:1      | Learned a level 3 spell: Ozocubu's Armour
  1514 | D:3      | Noticed Natasha
  1521 | D:3      | Killed Natasha
  1521 | D:3      | Reached skill level 5 in Ice Magic
  1521 | D:3      | Reached XP level 4. HP: 11/30 MP: 1/7
  1750 | D:3      | Noticed Natasha
  1756 | D:3      | Killed Natasha
  1869 | D:3      | Reached skill level 6 in Ice Magic
  2049 | D:3      | Noticed Natasha
  2057 | D:3      | Killed Natasha
  2057 | D:3      | Reached XP level 5. HP: 11/35 MP: 2/8
  2936 | D:4      | Reached skill level 7 in Ice Magic
  2939 | D:4      | Reached XP level 6. HP: 36/41 MP: 1/9
  3165 | D:4      | Noticed Blork the orc
  3598 | D:4      | Reached skill level 8 in Ice Magic
  3611 | D:4      | Reached skill level 1 in Fighting
  4094 | D:4      | Reached XP level 7. HP: 49/49 MP: 6/10
  4127 | D:5      | Entered Level 5 of the Dungeon
  4504 | D:5      | Found a staircase to the Ecumenical Temple.
  4524 | Temple   | Entered the Ecumenical Temple
  4552 | Temple   | Became a worshipper of Makhleb the Destroyer
  4771 | D:5      | Reached skill level 5 in Dodging
  5498 | D:6      | Noticed Prince Ribbit
  5517 | D:6      | Noticed Grinder
  5555 | D:5      | Killed Prince Ribbit
  5555 | D:5      | Reached XP level 8. HP: 33/61 MP: 0/11
  5747 | D:5      | Reached skill level 5 in Fighting
  6201 | D:5      | Paralysed by Grinder for 6 turns
  6204 | D:5      | HP: 1/62 [Grinder (6)]
  6204 | D:5      | Slain by Grinder

Vault maps used:
D:1:      minmay_arrival_stair_chambers, nrook_mini_vaults
D:3:      guppyfry_early_orc_mine, uniq_natasha
D:4:      uniq_blork_the_orc
D:5:      minmay_temple_entry_arrows, first_ration
D:6:      water_boxes_lemuel, uniq_prince_ribbit1, uniq_grinder
Temple:   compressed_dpeg_triangle_lava_temple

Skill      XL: |  1  2  3  4  5  6  7  8 |
---------------+-------------------------+-----
Ice Magic      | 4 5 6 7 8 |  8.0
Dodging        | 3 6 |  6.5
Fighting       | 1 4 6 |  6.2
Polearms       | 2 |  2.4
Stealth        | |  2.1
Spellcasting   | |  2.0
Conjurations   | |  0.7

Action                   |  1- 3 |  4- 6 |  7- 9 || total
-------------------------+-------+-------+-------++-------
Melee: Short sword       |    25 |    38 |       ||    63
       Trident           |       |       |    70 ||    70
Throw: Stone             |     1 |     5 |     9 ||    15
 Cast: Freeze            |    34 |    82 |    79 ||   195
       Ozocubu's Armour  |       |       |     4 ||     4
       Throw Frost       |       |       |     3 ||     3
Evoke: Wand              |       |       |     2 ||     2
  Use: Scroll            |     2 |     5 |     6 ||    13
 Stab: Sleeping          |     5 |     7 |     2 ||    14
  Eat: Chunk             |     2 |    10 |     8 ||    20
Armor: Robe              |    10 |     7 |       ||    17
       Leather armour    |       |    13 |    44 ||    57
Dodge: Dodged            |    52 |    82 |   153 ||   287

Table legend:
 A = Non-vault XP
 B = Vault XP
 C = Vault XP percentage of total XP
 D = Non-vault monster count
 E = Vault monster count
 F = Vault count percentage of total count
                 A         B        C        D         E       F
            +---------+---------+-------+---------+---------+-------
      Total |    1550 |     335 |  17.8 |      97 |       9 |   8.5
            +---------+---------+-------+---------+---------+-------
        D:1 |      39 |       0 |   0.0 |      21 |       0 |   0.0
        D:2 |      23 |       0 |   0.0 |       7 |       0 |   0.0
        D:3 |     116 |      52 |  31.0 |      20 |       8 |  28.6
        D:4 |     428 |       0 |   0.0 |      20 |       0 |   0.0
        D:5 |     609 |     283 |  31.7 |      20 |       1 |   4.8
        D:6 |     335 |       0 |   0.0 |       9 |       0 |   0.0
            +---------+---------+-------+---------+---------+-------
